 Dungeon Crawl Stone Soup version 0.30-a0-639-g3916f1956a (webtiles) character file.

Game seed: 13377804378987891606

247 Newt the Trooper (level 5, -7/41 (42) HPs)
             Began as a Demonspawn Gladiator on Jan 15, 2023.
             Mangled by an iguana (11 damage)
             ... on level 6 of the Dungeon.
             The game lasted 00:03:08 (2172 turns).

Newt the Trooper (Demonspawn Gladiator)             Turns: 2172, Time: 00:03:09

HP:   -7/41 (42)    AC:  5    Str: 17    XL:     5   Next: 85%
MP:   5/5           EV: 13    Int:  9    God:
Gold: 58            SH:  0    Dex: 14    Spells: 4/4 levels left

rFire   . . .      SeeInvis .    j - +1 dagger (vamp)
rCold   . . .      Faith    .    (no shield)
rNeg    . . .      Spirit   .    b - +0 leather armour
rPois   .          Reflect  .    c - +0 helmet
rElec   .          Harm     .    r - +0 cloak
rCorr   .          Rampage  .    (no gloves)
Will    .....                    (no boots)
Stlth   ++                       (no amulet)
HPRegen 0.26/turn                (no ring)
MPRegen 0.09/turn                (no ring)

@: lightly drained, invisible
A: claws 2, foul stench 1
a: no special abilities


You were on level 6 of the Dungeon.
You visited 1 branch of the dungeon, and saw 4 of its levels.

You collected 58 gold pieces.

Inventory:

Hand Weapons
 a - a +0 rapier
 j - a +1 vampiric dagger (weapon)
Missiles
 d - 3 throwing nets
 g - 6 poisoned darts (quivered)
Armour
 b - a +0 leather armour (worn)
 c - a +0 helmet (worn)
 r - a +0 cloak (worn)
Scrolls
 h - 4 scrolls of noise
 i - 2 scrolls of identify
 k - a scroll of immolation {unknown}
 m - a scroll of teleportation
 n - a scroll of amnesia
Potions
 l - a potion of flight {unknown}
 o - a potion of curing {unknown}
 p - a potion of might
 q - 3 potions of haste
 s - a potion of cancellation {unknown}
 t - a potion of berserk rage {unknown}


   Skills:
 - Level 4.0 Fighting
 + Level 2.9 Short Blades
 - Level 1.7 Throwing
 - Level 4.0 Dodging
 - Level 3.0 Stealth


You had 4 spell levels left.
You didn't know any spells.
Your spell library was empty.

Dungeon Overview and Level Annotations

Branches:
Dungeon (6/15)
 Temple: D:4-7

Altars:
Sif Muna


Innate Abilities, Weirdness & Mutations

You have very sharp fingernails.
You may rarely emit foul miasma when damaged in melee.


Message History

Press: ? - help, Shift-Dir - straight line, f - necrophage
Aim: a necrophage (60% to hit)
You throw a javelin.
The javelin pierces through the iguana but does no damage.
The iguana is heavily wounded.
The javelin pierces through the necrophage!
The necrophage is moderately damaged.
The iguana bites you but does no damage.
You hit the iguana but do no damage.
The iguana is heavily wounded.
The iguana misses you.
You hit the iguana.
You feel better.
The iguana is heavily wounded.
The iguana bites you!
* * * LOW HITPOINT WARNING * * *
Throw: 8 darts (poison)
Press: ? - help, Q - select action, (/) - cycle Shift-Dir - straight line, f/p - necrophage
Aim: a necrophage (moderately damaged, 60% to hit)
You throw a poisoned dart. The poisoned dart hits the iguana.
The iguana is poisoned.
The iguana is heavily wounded.
The iguana misses you.
Throw: 7 darts (poison)
Press: ? - help, Q - select action, (/) - cycle Shift-Dir - straight line, f/p - necrophage
Aim: a necrophage (moderately damaged, 60% to hit)
You throw a poisoned dart.
The poisoned dart barely misses the iguana.
The poisoned dart closely misses the necrophage.
The iguana barely misses you.
You barely miss the iguana.
The iguana is severely wounded.
The iguana barely misses you.
You hit the iguana but do no damage.
The iguana is severely wounded.
You fade into invisibility!
The iguana closely misses you.
You hit the iguana but do no damage.
The iguana is severely wounded.
The iguana looks more healthy.
The iguana bites you!
You die...

.........## #...# .........##
#.#.# ..........### ##.#.##
............# #..#..#
............ ##.###.##
#........##. ###..#?#..###
#.......######...##.##...####
#.....#####....###...###....#####
##..........)...@ln#..[####......
......#####....###†..###....#####
......# ####...##.##...####
......# ###..#!#..### ......#
##.###.## ....... #..#..# .......
##.#.## ...... #.#.# #...#


You could see a necrophage (unable to see you) and an iguana (unable to see
you).

Vanquished Creatures
  Sigmund (D:3)
  A hound (D:6)
  An adder (D:6)
  4 ball pythons
  5 endoplasms
  5 giant cockroaches
  5 goblins
  6 kobolds
  3 quokkas (D:1)
  3 bats (D:1)
  A frilled lizard (D:2)
  7 rats
42 creatures vanquished.

Notes
Turn   | Place    | Note
-------+----------+-------------------------------------------
     0 | D:1      | Newt the Demonspawn Gladiator began the quest for the Orb.
     0 | D:1      | Reached XP level 1. HP: 16/16 MP: 1/1
    70 | D:1      | Reached skill level 1 in Stealth
   113 | D:1      | Gained mutation: You have sharp fingernails. [demonic
                  | ancestry]
   113 | D:1      | Reached XP level 2. HP: 7/22 MP: 2/2
   804 | D:1      | Gained mutation: You have very sharp fingernails. [demonic
                  | ancestry]
   804 | D:1      | Reached XP level 3. HP: 27/27 MP: 3/3
  1795 | D:3      | Noticed Sigmund
  1826 | D:3      | Killed Sigmund
  1827 | D:3      | Reached XP level 4. HP: 29/37 MP: 4/4
  1827 | D:3      | Gained mutation: You may rarely emit foul miasma when
                  | damaged in melee. [demonic ancestry]
  1827 | D:3      | Reached XP level 5. HP: 34/42 MP: 5/5
  1893 | D:3      | Found a shimmering blue altar of Sif Muna.
  2023 | D:3      | You fall into a shaft and drop 3 floors!
  2172 | D:6      | Mangled by an iguana

Illustrated notes

Levels and vault maps discovered:
D:1:      sevenhm_arrival_forest_fort_small_3, layout_loops_ring
D:2:      layout_loops_cross
D:3:      layout_loops_ring, led_sif_book, uniq_sigmund
D:6:      minmay_general_purpose_star, layout_layer_cave,
          mainiacjoe_overflow_24_doors, amcnicky_mini_pool_medium, uniq_duvessa

Skill      XL: |  1  2  3  4  5 |
---------------+----------------+-----
Stealth        | 1 2 3 |  3.0
Fighting       | 4 |  4.0
Dodging        | 3 4 |  4.0
Short Blades   | |  2.9
Throwing       | |  1.7

Action                   |  1- 3 |  4- 6 || total
-------------------------+-------+-------++-------
Melee: Rapier            |    71 |       ||    71
       Punch             |     2 |       ||     2
       Dagger            |    72 |    37 ||   109
Throw: Dart              |     7 |     2 ||     9
       Throwing net      |     3 |       ||     3
       Javelin           |       |     1 ||     1
  Use: Scroll            |     8 |       ||     8
       Potion            |     2 |     1 ||     3
 Stab: Sleeping          |     4 |     1 ||     5
Armor: Leather armour    |    41 |    18 ||    59
Dodge: Dodged            |    68 |    32 ||   100

Table legend: (Time is in decaauts)
 A = Elapsed time spent in this place.
 B = Non-inter-level travel time spent in this place.
 C = Inter-level travel time spent in this place.
 D = Time resting spent in this place.
 E = Time spent auto-exploring this place.
 F = Levels seen in this place.
 G = Mean time per level.
                   A        B        C        D        E       F      G
               +--------+--------+--------+--------+--------+-----+--------+
         Total |   2143 |   2061 |     82 |      0 |   1660 |   4 |  535.8 |
       Dungeon |   2143 |   2061 |     82 |      0 |   1660 |   4 |  535.8 |
               +--------+--------+--------+--------+--------+-----+--------+

Top non-repeatable levels by time:
     D:1: 1050 daAuts
     D:2: 571 daAuts
     D:3: 377 daAuts
     D:6: 144 daAuts
